 Dungeon Crawl Stone Soup version 0.30.1-11-g7821555f0a (webtiles) character file.

Game seed: 11985457529941721333

912 Eitelfritz the Cleaver (level 8, -2/69 HPs)
             Began as a Hill Orc Fighter on Dec 28, 2023.
             Slain by Menkaure (32 damage)
             ... on level 6 of the Dungeon.
             The game lasted 00:06:24 (3589 turns).

Eitelfritz the Cleaver (Hill Orc Fighter)           Turns: 3589, Time: 00:06:25

Health: -2/69      AC:  7    Str: 21    XL:     8   Next: 9%
Magic:  8/8        EV: 10    Int:  8    God:
Gold:   224        SH:  4    Dex: 10    Spells: 7/7 levels left

rFire   . . .        a - +3 war axe (chaos)
rCold   . . .        c - +0 buckler
rNeg    . . .        b - +0 scale mail
rPois   .            (no helmet)
rElec   .            (no cloak)
rCorr   .            (no gloves)
SInv    +            (no boots)
Will    .....        (no amulet) Stlth
                     i - ring of see invisible
HPRegen 0.31/turn    (no ring)
MPRegen 0.11/turn

%: no passive effects
@: no status effects
A: no striking features
a: no special abilities


You were on level 6 of the Dungeon.
You visited 1 branch of the dungeon, and saw 6 of its levels.

You collected 224 gold pieces.

Inventory:

Hand Weapons
 a - a +3 war axe of chaos (weapon)
Missiles
 e - 10 boomerangs (quivered)
 h - 5 javelins
Armour
 b - a +0 scale mail (worn)
 c - a +0 buckler (worn)
Jewellery
 i - a ring of see invisible (left hand)
Wands
 g - a wand of digging (8)
 p - a wand of charming (2)
Scrolls
 f - a scroll of fog
 k - a scroll of immolation
 l - a scroll of identify
 r - 2 scrolls of blinking
Potions
 d - a potion of curing
 j - a potion of attraction {unknown}
 m - a potion of resistance {unknown}
 n - a potion of cancellation
 o - a potion of magic {unknown}
 q - a potion of flight
 s - a potion of heal wounds


   Skills:
 + Level 5.4 Fighting
 + Level 8.5 Axes
 + Level 5.6 Armour
 + Level 1.5 Dodging
 + Level 0.4 Stealth
 + Level 4.2 Shields


You had 7 spell levels left.
You didn't know any spells.
Your spell library was empty.

Dungeon Overview and Level Annotations

Branches:
Dungeon (6/15)
 Temple: D:4-7

Altars:
Ashenzari
Ru
Sif Muna
Uskayaw

Shops:
D:2 [

Annotations:
D:4 1 runed translucent door, timpakay's ghost, novice OpTm
D:6 2 transporters, Menkaure; bimbombam's ghost, novice VSEn


Message History

There is a stone staircase leading down here.
You block the ogre's attack.
You climb downwards.
Level annotation: 2 transporters, bimbombam's ghost, novice VSEn
There is a stone staircase leading up, spattered with blood here.
You slash the ogre!
The ogre is moderately wounded.
You barely miss the ogre.
The ogre is moderately wounded.
The ogre hits you with a +0 giant club!!
You hit the ogre. You freeze the ogre.
The ogre is heavily wounded.
The ogre hits you but does no damage.
You slash the ogre!
You kill the ogre!
You have reached level 8!
You start resting.
HP restored.
You can't go down here!
You climb upwards.
Level annotation: Menkaure Menkaure casts a spell.
Menkaure seems to speed up.
There is a stone staircase leading down here.
The centaur shoots an arrow.
You block the arrow. Menkaure barely misses you.
The centaur shoots an arrow.
The arrow hits you. Menkaure hits you!
You slash Menkaure!
Menkaure suddenly seems more resistant.
Menkaure is moderately damaged.
Menkaure hits you!
The centaur shoots an arrow.
The arrow hits you.
There is a stone staircase leading down here.
Menkaure points at you and mumbles some strange words.
Pain shoots through your body!
You climb downwards.
Level annotation: 2 transporters, bimbombam's ghost, novice VSEn
There is a stone staircase leading up, spattered with blood here.
You hit Menkaure.
Menkaure seems to grow stronger.
Menkaure is heavily damaged.
Menkaure hits you!!
You die...

#####.# #.. ##. ......# #.#
### # #.# y#.# ......# #.#
#.##.# #.##yy. ......# #.#
#....# #.###y# ......# #.#
#.#######..### ......###.#
#.##... ....###.#
#.......#.###.##.####.#......
#.####..#........#...........
#.# ##.......#.@)....# #.#
#.......#.M#.#..# #.#
#.#........#.#.## #..
............#...# ###
###.#.##..#....#.#
.....##..#..#>#.#
##.####..#..#.#.# #.# ..
#..#.#.# #.


You could see Menkaure (fast, strong, resistant).

Vanquished Creatures
  Grinder (D:3)
  3 ogres (D:6)
  A bullfrog (D:6)
  A gnoll sergeant (D:6)
  2 hounds
  A jelly (D:3)
  Natasha (D:3)
  Ijyb (D:3)
  An orc wizard (D:3)
  4 adders
  7 gnolls
  A dart slug (D:1)
  9 orcs (D:3)
  7 endoplasms
  2 giant cockroaches
  3 goblins
  7 hobgoblins
  4 jackals (D:1)
  3 quokkas
  4 ball pythons
  5 bats
  3 frilled lizards
  7 kobolds
  6 rats
84 creatures vanquished.

Notes
Turn   | Place    | Note
-------+----------+-------------------------------------------
     0 | D:1      | Eitelfritz the Hill Orc Fighter began the quest for the
                  | Orb.
     0 | D:1      | Reached XP level 1. HP: 19/19 MP: 1/1
   157 | D:1      | Reached XP level 2. HP: 19/27 MP: 2/2
   162 | D:1      | Reached skill level 3 in Axes
   299 | D:1      | Reached XP level 3. HP: 33/33 MP: 3/3
  1015 | D:2      | Found Ummuaneaxze's Antique Armour Boutique.
  1253 | D:2      | Reached XP level 4. HP: 40/40 MP: 4/4
  1493 | D:3      | Noticed Ijyb
  1508 | D:3      | Killed Ijyb
  1509 | D:3      | Reached skill level 4 in Axes
  1603 | D:3      | Reached XP level 5. HP: 23/47 MP: 5/5
  1800 | D:3      | Found a faded altar of an unknown god.
  1818 | D:3      | Found a hide-covered altar of Uskayaw.
  1917 | D:3      | Reached skill level 5 in Axes
  1917 | D:3      | Reached skill level 1 in Dodging
  2165 | D:3      | Noticed Grinder
  2173 | D:3      | Killed Grinder
  2174 | D:3      | Reached skill level 6 in Axes
  2174 | D:3      | Reached XP level 6. HP: 43/55 MP: 6/6
  2286 | D:3      | Noticed Natasha
  2296 | D:3      | Killed Natasha
  2301 | D:3      | HP: 2/55 [orc wizard/magic dart (8)]
  2756 | D:4      | Found a broken altar of Ashenzari.
  2763 | D:4      | Found a sacrificial altar of Ru.
  2782 | D:4      | Found a shimmering blue altar of Sif Muna.
  2786 | D:4      | Reached XP level 7. HP: 58/60 MP: 7/7
  2831 | D:4      | Found a runed translucent door.
  2832 | D:4      | Noticed timpakay's ghost (novice OpTm)
  2857 | D:4      | Reached skill level 5 in Armour
  2947 | D:4      | You fall into a shaft and drop 2 floors!
  2962 | D:6      | Noticed a hornet
  2975 | D:6      | Found a transporter.
  2978 | D:6      | Found a transporter.
  2979 | D:6      | Noticed bimbombam's ghost (novice VSEn)
  3010 | D:6      | Reached skill level 5 in Fighting
  3010 | D:6      | Reached skill level 7 in Axes
  3331 | D:5      | Entered Level 5 of the Dungeon
  3331 | D:5      | Noticed Menkaure
  3341 | D:6      | Reached skill level 8 in Axes
  3483 | D:6      | Reached XP level 8. HP: 38/69 MP: 8/8
  3589 | D:6      | Slain by Menkaure

Illustrated notes

Levels and vault maps discovered:
D:1:      evilmike_arrival_fibonacci_small, layout_loops_corners
D:2:      layout_rooms, serial_shops, shop_statue
D:3:      layout_loops_corners, nicolae_overflow_ecumenical_swirl, uniq_natasha,
          uniq_grinder, uniq_ijyb
D:4:      layout_loops_cross, gammafunk_temple_overflow_forgotten,
          hellmonk_ghost_happy_afterlife, serial_shops, nicolae_shop_statue_plus
D:5:      layout_layer_cave, slow_altar_1, uniq_menkaure
D:6:      layout_basic, gammafunk_ghost_hive, guppyfry_shop_venom

Skill      XL: |  1  2  3  4  5  6  7 |
---------------+----------------------+-----
Fighting       | 4 5 |  5.4
Axes           | 3 4 6 8 |  8.5
Armour         | 4 5 |  5.6
Dodging        | 1 |  1.5
Shields        | 4 |  4.2
Stealth        | |  0.4

Action                     |  1- 3 |  4- 6 |  7- 9 || total
---------------------------+-------+-------+-------++-------
  Melee: War axe           |    63 |   125 |    71 ||   259
    Use: Potion            |       |     2 |       ||     2
         Scroll            |       |    12 |     1 ||    13
 Armour: Scale mail        |    29 |    90 |    11 ||   130
  Dodge: Dodged            |    33 |    66 |    11 ||   110
  Block: Buckler           |    22 |    29 |    10 ||    61
